 Dungeon Crawl Stone Soup version 0.31-a0-750-gfe7b580527 (webtiles) character file.

Game seed: 2404092534234681300

10561 cforsyth the Fighter (level 11, 0/82 HPs)
             Began as a Djinni Delver on Sept 14, 2023.
             Was a High Priest of Hepliaklqana.
             Killed from afar by an acid dragon (20 damage)
             ... with a splash of acid
             ... on level 11 of the Dungeon.
             The game lasted 00:24:23 (13868 turns).

cforsyth the Fighter (Djinni Delver)               Turns: 13868, Time: 00:24:23

Health: 0/82       AC: 10    Str: 15    XL:     11   Next: 95%
Gold:   1227       EV: 12    Int: 20    God:    Hepliaklqana [*****.] SH:  0 Dex: 15

rFire   + + .        I - +7 executioner's axe
rCold   + . .        (shield currently unavailable)
rNeg    . . .        F - +1 robe {rC+}
rPois   ∞            s - +2 helmet
rElec   .            E - +0 cloak
rCorr   .            h - +2 pair of gloves
SInv    .            (boots unavailable)
Will    +....        (no amulet)
Stlth   ++++         n - ring of protection from cold
HPRegen 0.33/turn    p - ring of the Princess {MP+9 Int+6}
MPRegen 0.00/turn

%: infuse magic (-1 HP)
@: flying
A: reduced essence, sickness immunity, fire resistance 2, cold vulnerability 1,
float, innate caster, HP casting, extra vitality 1, camouflage 1, strong 1
a: Renounce Religion, Recall Ancestor, Ancestor Identity, Transference, Idealise


You were on level 11 of the Dungeon.
You worshipped Hepliaklqana.
Hepliaklqana was extremely pleased with you.
You visited 2 branches of the dungeon, and saw 12 of its levels.
You also visited: Bailey.

You collected 1434 gold pieces.
You spent 207 gold pieces at shops.

Inventory:

Hand Weapons
 a - a +0 falchion
 l - a +1 short sword of freezing
 I - a +7 executioner's axe (weapon)
Armour
 b - a +0 leather armour
 h - a +2 pair of gloves (worn)
 s - a +2 helmet (worn)
 E - a +0 cloak (worn)
 F - a +1 robe of cold resistance (worn)
Jewellery
 n - a ring of protection from cold (left hand)
 p - the ring of the Princess (right hand) {MP+9 Int+6}
   (You found it on level 2 of the Dungeon)

   [ring of intelligence]

   Int+6:     It affects your intelligence (+6).
   MP+9:      It affects your magic capacity (+9).
 t - the ring of Seulog {Fly rPois SInv}
   (You found it on level 2 of the Dungeon)

   [ring of flight]

   rPois:     It protects you from poison SInv: It lets you see invisible.
   Fly:       It grants you flight.
 L - a +4 ring of protection
 P - a ring of ice
Wands
 g - a wand of digging (3)
 j - a wand of polymorph (18)
 m - a wand of flame (9)
 A - a wand of quicksilver (12)
 C - a wand of paralysis (13)
 D - a wand of roots (15)
Scrolls
 c - 2 scrolls of fog
 f - 7 scrolls of identify {unknown}
 i - a scroll of amnesia
 k - 2 scrolls of teleportation
 r - 4 scrolls of noise
 y - 2 scrolls of butterflies {unknown}
 H - a scroll of enchant armour {unknown}
 J - 3 scrolls of fear
 M - a scroll of vulnerability {unknown}
 O - a scroll of poison {unknown}
Potions
 d - a potion of invisibility {unknown}
 e - a potion of lignification
 o - 3 potions of heal wounds {unknown}
 q - 2 potions of degeneration
 u - a potion of brilliance {unknown}
 v - 5 potions of mutation
 w - 2 potions of might {unknown}
 x - 3 potions of curing
 z - 2 potions of enlightenment {unknown}
 B - 2 potions of attraction {unknown}
 G - 2 potions of magic {unknown}
 K - a potion of berserk rage {unknown}
 N - a potion of ambrosia {unknown}


   Skills:
 + Level 13.1 Fighting
 - Level 1.7 Long Blades
 - Level 2.1 Dodging
 - Level 4.1 Stealth
 + Level 9.6 Spellcasting
 + Level 9.6 Conjurations
 + Level 9.6 Hexes
 + Level 9.6 Summonings
 + Level 9.6 Necromancy
 + Level 9.6 Translocations
 + Level 9.6 Transmutations
 + Level 9.6 Fire Magic
 + Level 9.6 Ice Magic
 + Level 9.6 Air Magic
 + Level 9.6 Earth Magic
 + Level 9.6 Poison Magic


You knew the following spells:

 Your Spells              Type           Power      Damage    Failure   Level
a - Freeze                Ice            100%       1d10      1%          1
b - Ensorcelled Hibernat  Hex/Ice        96%        N/A       1%          2
c - Inner Flame           Hex/Fire       48%        N/A       1%          3
d - Dimensional Bullseye  Hex/Tloc       24%        N/A       1%          4
e - Summon Lightning Spi  Summ/Air       48%        N/A       1%          4
Your spell library was empty.

Dungeon Overview and Level Annotations

Branches:
Dungeon (11/15)            Temple (1/1) D:4             Orc (0/2) D:9
 Bailey (visited)
   Lair: D:8-11

Altars:
Ashenzari
Cheibriados
Dithmenos
Elyvilon
Fedhas
Gozag
Hepliaklqana
Makhleb
Nemelex Xobeh
Okawaru
Qazlal
Ru
Trog
Uskayaw
Wu Jian
Xom
Yredelemnul
Zin
The Shining One

Shops:
D:2 (   D:3 *   D:6 *   D:10 :


Innate Abilities, Weirdness & Mutations

Your life essence is reduced to manifest your ancestor. (-10% HP)
You are immune to sickness and miasma.
You are immune to poison.
Your flesh is very heat resistant. (rF++)
You are vulnerable to cold. (rC-)
You float through the air rather than walking.
You learn spells naturally, not from books.
Your magical power is your life essence.
You have superior vitality. (+4 MHP)
Your skin changes colour to match your surroundings (Stealth+).
Your muscles are strong. (Str +4, Int/Dex -1)


Message History

You hear a shout!
You start resting.
Ancestor HP restored.
You start resting.
An acid dragon comes into view.
An acid dragon is nearby!
Casting: Summon Lightning Spire (mildly dangerous; 1% risk of failure)
Confirm with . or Enter, or press ? or * to list all spells.
Aiming: Inner Flame (safe; 1% risk of failure)
Press: ? - help, Dir - move target, f - acid dragon
Aim: an acid dragon (not watching you, ally target)
The acid dragon is filled with an inner flame.
The acid dragon spits acid at you.
The splash of acid misses Cipactli.
The splash of acid hits you!
* * * LOW HITPOINT WARNING * * *
Cipactli hits the acid dragon with a +0 flail!
Flame seeps out of the acid dragon.
The acid dragon spits acid at you.
The splash of acid hits Cipactli!
The acid corrodes Cipactli!
Cipactli completely misses the acid dragon.
The acid dragon bites Cipactli!
The acid dragon claws Cipactli.
The acid dragon spits acid at you.
The splash of acid misses Cipactli.
The splash of acid misses you.
Cipactli hits the acid dragon but does no damage.
You hear a loud, deep croak!
The acid dragon bites Cipactli!
Cipactli blocks the acid dragon's attack.
Cipactli closely misses the acid dragon.
The acid dragon bites Cipactli!
Cipactli is destroyed!
Aiming: Throw Flame
Press: ? - help, Shift-Dir - straight line, f/p - acid dragon
Aim: an acid dragon (moderately wounded, inner flame, 68% to hit)
The puff of flame hits the acid dragon.
Flame seeps out of the acid dragon.
The acid dragon is heavily wounded.
The acid dragon is engulfed in blazing flames.
Flame seeps out of the acid dragon.
The acid dragon spits acid at you. The splash of acid hits you!!
You die...

............#
..P.........#
............#
........D...#
............##
.............#
.......<....#
########.####
#@.# ##..#
#..# ..# ...#
.... ##... ...


You could see an acid dragon (inner flame, catching breath).

Vanquished Creatures
  An orc warlord (Bailey)
  A two-headed ogre (D:9)
  Erica (D:8)
  Pikel (D:5)
  Prince Ribbit (D:5)
  A vampire (D:10)
  A shadow (D:10)
  9 yaks (D:8)
  5 vampire mosquitoes
  3 steam dragons
  Menkaure (D:5)
  A warg (D:9)
  4 water moccasins
  4 orc warriors
  A sky beast (D:6)
  A black bear (D:11)
  2 centaurs
  4 lemures (D:5)
  2 kobold brigands
  5 bullfrogs
  A gnoll sergeant (D:8)
  3 wights (D:6)
  9 killer bees
  2 howler monkeys
  3 hounds
  7 orc priests
  Terence (D:3)
  3 iguanas
  8 orc wizards
  16 gnolls
  4 adders
  2 white imps
  2 ufetubi (D:6)
  A worm (D:2)
  A dart slug (D:2)
  24 orcs
  3 endoplasms
  A giant cockroach (D:1)
  9 goblins
  8 hobgoblins
  10 kobolds
  4 quokkas
  6 ball pythons
  A bat (D:3)
  A frilled lizard (D:1)
  7 rats
  A spectral goblin (D:2)
187 creatures vanquished.

Vanquished Creatures (collateral kills)
  A manticore (D:9)
  Maurice (D:8)
  2 orc warriors
  An ice beast (D:6)
  A sky beast (D:6)
  A centaur (D:8)
  A kobold brigand (D:10)
  A gnoll sergeant (D:10)
  A wight (D:6)
  A killer bee (D:11)
  3 howler monkeys
  An orc priest (D:10)
  2 sleepcaps
  An iguana (D:6)
  5 orc wizards
  5 gnolls
  2 adders
  A shadow imp (D:7)
  A white imp (D:8)
  3 dart slugs
  24 orcs
  An endoplasm (D:4)
  2 giant cockroaches (D:4)
  5 goblins
  2 hobgoblins (D:9)
  18 kobolds
  A quokka (D:4)
  3 ball pythons
  A bat (D:3)
  A rat (D:3)
93 creatures vanquished.

Vanquished Creatures (others)
  2 knights
2 creatures vanquished.

Grand Total: 282 creatures vanquished

Notes
Turn   | Place    | Note
-------+----------+-------------------------------------------
     0 | D:5      | cforsyth the Djinni Delver began the quest for the Orb.
     0 | D:5      | Reached XP level 1. HP: 20/20 MP: 0/0
   101 | D:4      | Found a staircase to the Ecumenical Temple.
   101 | D:4      | Noticed an orc wizard
   122 | D:5      | Reached XP level 2. HP: 15/25 MP: 0/0
   315 | D:5      | Reached skill level 1 in Spellcasting
   315 | D:5      | Reached skill level 1 in Conjurations
   315 | D:5      | Reached skill level 1 in Hexes
   315 | D:5      | Reached skill level 1 in Summonings
   315 | D:5      | Reached skill level 1 in Necromancy
   315 | D:5      | Reached skill level 1 in Translocations
   315 | D:5      | Reached skill level 1 in Transmutations
   315 | D:5      | Reached skill level 1 in Fire Magic
   315 | D:5      | Reached skill level 1 in Ice Magic
   315 | D:5      | Reached skill level 1 in Air Magic
   315 | D:5      | Reached skill level 1 in Earth Magic
   315 | D:5      | Reached skill level 1 in Poison Magic
   435 | D:4      | Reached XP level 3. HP: 21/31 MP: 0/0
   435 | D:4      | Learned a level 1 spell: Freeze
   525 | Temple   | Entered the Ecumenical Temple
   541 | Temple   | Became a worshipper of Hepliaklqana the Forgotten
   623 | D:2      | Reached XP level 4. HP: 34/37 MP: 0/0
   658 | D:2      | Found Raliaje's Weapon Shop.
   763 | D:1      | Reached skill level 4 in Fighting
  1812 | D:2      | Reached * piety under Hepliaklqana
  1814 | D:2      | Found a faded altar of an unknown god.
  1826 | D:2      | Identified the ring of the Princess {MP+9 Int+6}
  2487 | D:2      | Identified the ring of Seulog {Fly rPois SInv}
  2525 | D:3      | Reached ** piety under Hepliaklqana
  2526 | D:3      | Remembered your ancestor Cipactli as a knight
  2543 | D:3      | Reached XP level 5. HP: 34/36 MP: 0/0
  2543 | D:3      | Learned a level 2 spell: Ensorcelled Hibernation
  2713 | D:3      | Found Betz's Assorted Antiques.
  2722 | D:3      | Bought an emerald potion for 17 gold pieces
  2722 | D:3      | Bought a scroll labelled ANOTYO SOROBU for 19 gold pieces
  2961 | D:3      | Noticed Terence
  2972 | D:3      | Killed Terence
  2973 | D:3      | Reached XP level 6. HP: 21/44 MP: 0/0
  3066 | D:3      | Identified the +0 plate armour "Hovipp" {Dex+3 SInv}
  3868 | D:2      | Found Raliaje's Weapon Shop.
  4050 | D:2      | Found a faded altar of an unknown god.
  4558 | D:4      | Reached skill level 5 in Fighting
  4700 | D:4      | Found a glowing silver altar of Zin.
  5017 | D:5      | Noticed Prince Ribbit
  5277 | D:5      | Found an ornate altar of the Wu Jian Council.
  5303 | D:5      | Noticed Menkaure
  5308 | D:5      | Killed Menkaure
  5309 | D:5      | Reached XP level 7. HP: 49/49 MP: 0/0
  5309 | D:5      | Learned a level 3 spell: Inner Flame
  5351 | D:5      | Noticed a water moccasin
  5358 | D:5      | Killed a water moccasin
  5359 | D:5      | Reached skill level 6 in Fighting
  5365 | D:5      | Noticed Pikel
  5369 | D:5      | Killed Pikel
  5370 | D:5      | Reached skill level 7 in Fighting
  5370 | D:5      | Reached XP level 8. HP: 6/57 MP: 0/0
  5920 | D:5      | Killed Prince Ribbit
  5921 | D:5      | Reached skill level 5 in Spellcasting
  5921 | D:5      | Reached skill level 5 in Conjurations
  5921 | D:5      | Reached skill level 5 in Hexes
  5921 | D:5      | Reached skill level 5 in Summonings
  5921 | D:5      | Reached skill level 5 in Necromancy
  5921 | D:5      | Reached skill level 5 in Translocations
  5921 | D:5      | Reached skill level 5 in Transmutations
  5921 | D:5      | Reached skill level 5 in Fire Magic
  5921 | D:5      | Reached skill level 5 in Ice Magic
  5921 | D:5      | Reached skill level 5 in Air Magic
  5921 | D:5      | Reached skill level 5 in Earth Magic
  5921 | D:5      | Reached skill level 5 in Poison Magic
  6413 | D:6      | Reached skill level 8 in Fighting
  6413 | D:6      | Reached XP level 9. HP: 61/63 MP: 0/0
  6413 | D:6      | Learned a level 4 spell: Dimensional Bullseye
  6625 | D:6      | Found Fidiuf Vefu's General Store.
  6769 | D:6      | Reached skill level 9 in Fighting
  6856 | D:6      | Found an iron altar of Okawaru.
  6879 | D:6      | Reached *** piety under Hepliaklqana
  7167 | D:6      | Found a glowing golden altar of the Shining One.
  8072 | D:3      | Bought a brightly glowing halberd for 171 gold pieces
  8072 | D:3      | Identified the +5 halberd "Loen" {distort, rN+ Will+ rCorr
                  | Dex+3} (You bought it in a shop on level 3 of the Dungeon)
  8729 | D:7      | Found a sacrificial altar of Ru.
  8803 | D:7      | Reached XP level 10. HP: 64/72 MP: 0/0
  8857 | D:7      | Found an iron altar of Okawaru.
  9228 | D:8      | Reached skill level 10 in Fighting
  9272 | D:8      | Noticed Erica
  9302 | D:8      | Gained mutation: Your skin changes colour to match your
                  | surroundings (Stealth+). [potion of mutation]
  9302 | D:8      | Gained mutation: Your muscles are strong. (Str +4, Int/Dex
                  | -1) [potion of mutation]
  9674 | D:8      | Killed Erica
  9951 | D:8      | Noticed Maurice
  9964 | D:8      | Killed Maurice
  9965 | D:8      | Reached skill level 11 in Fighting
 10668 | D:8      | Reached XP level 11. HP: 63/78 MP: 0/0
 10668 | D:8      | Learned a level 4 spell: Summon Lightning Spire
 10965 | D:8      | Reached **** piety under Hepliaklqana
 11094 | D:9      | Found a flagged portal.
 11145 | Bailey   | Entered a bailey
 11390 | Bailey   | Found a runed translucent gate.
 11390 | Bailey   | Found a runed translucent gate.
 11414 | Bailey   | Found a runed translucent gate.
 11414 | Bailey   | Noticed an orc warlord
 11848 | Bailey   | Killed an orc warlord
 11849 | Bailey   | Reached skill level 12 in Fighting
 12020 | Bailey   | Acquired 706 gold pieces
 12136 | D:9      | Noticed a manticore
 12144 | D:9      | Killed a manticore
 12233 | D:9      | Found a broken altar of Ashenzari.
 12330 | D:9      | Noticed a two-headed ogre
 12338 | D:9      | Killed a two-headed ogre
 12581 | D:9      | Found a staircase to the Orcish Mines.
 12879 | D:10     | Entered Level 10 of the Dungeon
 12964 | D:10     | Found Faibeat's Book Shoppe.
 12985 | D:10     | Found a basalt altar of Yredelemnul.
 12990 | D:10     | Found a stormy altar of Qazlal.
 12991 | D:10     | Identified the +1 robe "Reer Mui" {rCorr Str+3 Int+5 Dex-2}
 13215 | D:10     | Identified the +2 leather armour of the Other World {rPois
                  | Dex+4} (You took it off an orc wizard on level 10 of the
                  | Dungeon)
 13841 | D:11     | Reached skill level 13 in Fighting
 13855 | D:11     | Reached ***** piety under Hepliaklqana
 13868 | D:11     | Killed from afar by an acid dragon

Illustrated notes

Levels and vault maps discovered:
D:1:      matt_arrival_los_fun, layout_basic
D:2:      layout_basic, serial_shops, nicolae_shop_advertising_works
          [nicolae_subvault_shop_adworks],
          dreamdust_ecumenical_altar_drowned_temple
D:3:      layout_rooms, serial_shops, shop, uniq_terence
D:4:      layout_rooms, mainiacjoe_overflow_chevrons,
          minmay_temple_entry_stoned_glass
D:5:      layout_basic, mainiacjoe_overflow_small_starburst, serial_rivers,
          chequers_serial_rivers_large_a, chequers_serial_rivers_room_a,
          chequers_serial_rivers_small_a, chequers_serial_rivers_micro_d,
          saegor_snake_ambush, uniq_menkaure, uniq_prince_ribbit1, uniq_pikel
D:6:      layout_basic, overflow_temple_1_default, serial_shops, shop,
          minmay_ruined_shrine
D:7:      layout_loops_ring, okawaru_altar_gauntlet_db,
          lemuel_coloured_pillars_altar
D:8:      layout_basic, uniq_maurice, uniq_erica
D:9:      layout_irregular_city, ashenzari_altar_1, david_orc_3, enter_bailey_4,
          dk_noncrumbling_3, hangedman_decor_slide_cut
D:10:     layout_grid_maze, lemuel_doored_altar,
          nicolae_qazlal_general_emergency, serial_shops,
          nicolae_shop_tiny_statue_garden
D:11:     layout_cave_pods, due_lair_maze_entry_diamond,
          hangedman_abyss_or_decor_lesser_grid, nicolae_gozag_seed_capital
Temple:   eino_narrow_crystal_temple

Skill      XL: |  1  2  3  4  5  6  7  8  9 10 11 |
---------------+----------------------------------+-----
Spellcasting   | 1 2 3 4 5 6 8 9 |  9.6
Conjurations   | 1 2 3 4 5 6 8 9 |  9.6
Hexes          | 1 2 3 4 5 6 8 9 |  9.6
Summonings     | 1 2 3 4 5 6 8 9 |  9.6
Necromancy     | 1 2 3 4 5 6 8 9 |  9.6
Translocations | 1 2 3 4 5 6 8 9 |  9.6
Transmutations | 1 2 3 4 5 6 8 9 |  9.6
Fire Magic     | 1 2 3 4 5 6 8 9 |  9.6
Ice Magic      | 1 2 3 4 5 6 8 9 |  9.6
Air Magic      | 1 2 3 4 5 6 8 9 |  9.6
Earth Magic    | 1 2 3 4 5 6 8 9 |  9.6
Poison Magic   | 1 2 3 4 5 6 8 9 |  9.6
Fighting       | 4 5 7 8 9 11 13 | 13.1
Long Blades    | |  1.7
Dodging        | |  2.1
Stealth        | |  4.1

Action                     |  1- 3 |  4- 6 |  7- 9 | 10-12 || total
---------------------------+-------+-------+-------+-------++-------
  Melee: Short sword       |    57 |   220 |    14 |    21 ||   312
         Punch             |       |     3 |       |     1 ||     4
         Executioner's axe |       |       |       |     1 ||     1
   Cast: Inner Flame       |       |       |    63 |   109 ||   172
         Summon Lightning  |       |       |       |    17 ||    17
 Invoke: Ancestor Life: Kn |       |     1 |       |       ||     1
         Recall Ancestor   |       |       |     2 |     1 ||     3
  Evoke: Wand              |       |     1 |     3 |     6 ||    10
    Use: Potion            |     2 |       |       |     6 ||     8
         Scroll            |     1 |       |       |    11 ||    12
   Stab: Sleeping          |       |     4 |       |       ||     4
         Distracted        |       |     1 |       |       ||     1
 Armour: Leather armour    |    41 |   128 |    16 |       ||   185
         Skin              |    10 |       |       |       ||    10
         Robe              |       |       |     5 |    64 ||    69
  Dodge: Dodged            |    40 |   110 |    21 |    42 ||   213

Table legend: (Time is in decaauts)
 A = Elapsed time spent in this place.
 B = Non-inter-level travel time spent in this place.
 C = Inter-level travel time spent in this place.
 D = Time resting spent in this place.
 E = Time spent auto-exploring this place.
 F = Levels seen in this place.
 G = Mean time per level.
                   A        B        C        D        E       F      G
               +--------+--------+--------+--------+--------+-----+--------+
         Total |  13856 |  13286 |    570 |   2682 |   8423 |  13 | 1065.8 |
       Dungeon |  12941 |  12400 |    541 |   2197 |   8271 |  11 | 1176.5 |
        Temple |     31 |      2 |     29 |      0 |      0 |   1 |   31.0 |
        Bailey |    882 |    882 |      0 |    485 |    152 |   1 |  882.0 |
               +--------+--------+--------+--------+--------+-----+--------+

Top non-repeatable levels by time:
     D:2: 2108 daAuts
     D:8: 1926 daAuts
     D:7: 1731 daAuts
     D:5: 1572 daAuts
     D:3: 970 daAuts
    D:10: 954 daAuts
     D:9: 953 daAuts
     D:6: 908 daAuts
     D:4: 904 daAuts
  Bailey: 882 daAuts
     D:1: 878 daAuts
    D:11: 33 daAuts
  Temple: 31 daAuts
